 Dungeon Crawl Stone Soup version 0.23.2-40-g277498a (webtiles) character file.

Game seed: 14591690300742352058

54429 Inchmeat the Warrior (level 14, -3/144 HPs)
             Began as a Hill Orc Monk on Sept 18, 2019.
             Was the Champion of the Shining One.
             Slain by an ice beast (8 damage)
             ... summoned by an ice statue
             ... in an ice cave.
             The game lasted 00:40:06 (28324 turns).

Inchmeat the Warrior (Hill Orc Monk)               Turns: 28324, Time: 00:40:06

Health: -3/144     AC: 18    Str: 19    XL:     14   Next: 72%
Magic:  20/20      EV:  8    Int: 13    God:    the Shining One [******]
Gold:   605        SH:  0    Dex: 13    Spells: 11/13 levels left

rFire    . . .     SeeInvis .   G - +9 battleaxe
rCold    . . .     Gourm    .   (shield currently unavailable)
rNeg     + + +     Faith    .   e - +1 chain mail {MR+}
rPois    +         Spirit   .   A - +2 helmet
rElec    .         Reflect  .   (no cloak)
rCorr    .         Harm     .   (no gloves)
MR       ++...                  d - +2 pair of boots
Stlth    ..........             (no amulet)
HPRegen  0.34/turn              I - ring of the Cicada {Int+3 Stlth+}
MPRegen  0.17/turn              J - ring of poison resistance

@: berserk cooldown, slowed, glowing, very slow
A: no striking features
a: Divine Shield, Cleansing Flame, Summon Divine Warrior, Brand Weapon With Holy
Wrath, Renounce Religion


You were in an ice cave.
You worshipped the Shining One.
The Shining One was exalted by your worship.
You were not hungry.

You visited 3 branches of the dungeon, and saw 19 of its levels.
You also visited: Ice Cave.

You collected 1548 gold pieces.
You spent 943 gold pieces at shops.

Inventory:

Hand Weapons
 i - a +0 scimitar of flaming
 l - the +4 great sword of the Kidney {elec, Dex+3}
   (You found it on level 1 of the Lair of Beasts)

   Occasionally, upon striking a foe, it will discharge some electrical energy
   and cause terrible harm.
   It affects your dexterity (+3).
 y - the +9 hunting sling "Ota Ygel" {flame, rElec rC+ Str+2 Dex+2}
   (You found it on level 6 of the Dungeon)

   It causes projectiles fired from it to burn those they strike, causing extra
   injury to most foes and up to half again as much damage against particularly
   susceptible opponents.
   It affects your strength (+2).
   It affects your dexterity (+2).
   It protects you from cold.
   It insulates you from electricity.
 G - a +9 battleaxe (weapon)
 H - the +6 broad axe "Imual" {freeze, Stlth+}
   (You found it on level 8 of the Dungeon)

   It has been specially enchanted to freeze those struck by it, causing extra
   injury to most foes and up to half again as much damage against particularly
   susceptible opponents.
   It can also slow down cold-blooded creatures.
   It makes you more stealthy.
Missiles
 n - 98 sling bullets
Armour
 d - a +2 pair of boots (worn)
 e - a +1 chain mail of magic resistance (worn)
 A - a +2 helmet (worn)
 B - a +2 chain mail
Jewellery
 I - the ring of the Cicada (left hand) {Int+3 Stlth+}
   (You took it off a big kobold on level 8 of the Dungeon)

   [ring of stealth]

   It affects your intelligence (+3).
   It makes you more stealthy.
 J - a ring of poison resistance (right hand)
Wands
 h - a wand of flame (15)
 t - a wand of digging (10)
 u - a wand of disintegration (6)
 C - a wand of acid (8)
 F - a wand of iceblast (38)
 Q - a wand of paralysis (19)
Scrolls
 b - a scroll of acquirement {unknown}
 f - 13 scrolls of remove curse {@r2}
 j - a scroll of brand weapon {unknown}
 q - 3 scrolls of amnesia
 v - 2 scrolls of enchant weapon
 N - 5 scrolls of teleportation
Potions
 g - 6 potions of curing {@q1}
 k - 2 potions of cancellation
 m - a potion of brilliance
 o - 4 potions of lignification
 r - a potion of might
 s - 2 potions of agility
 x - a potion of resistance
 z - a potion of ambrosia
 D - 2 potions of mutation {!q}
 E - 2 potions of flight
 R - 2 potions of magic
Comestibles
 c - 23 rations


   Skills:
 - Level 18.3 Fighting
 - Level 18.0 Axes
 - Level 6.8 Armour
 - Level 2.4 Dodging
 - Level 1.5 Stealth
 * Level 8.2 Translocations
 - Level 8.3 Invocations


You had 11 spell levels left.
You knew the following spells:

 Your Spells              Type           Power        Failure   Level  Hunger
a - Blink                 Tloc           N/A          14%         2    ###....

Your spell library contained the following spells:

 Spells                   Type           Power        Failure   Level  Hunger
 Freeze                   Ice            #...         96%         1    ##.....
 Magic Dart               Conj           #...         96%         1    ##.....
 Call Imp                 Summ           #.......     99%         2    ###....
 Slow                     Hex            #.......     99%         2    ###....
 Throw Frost              Conj/Ice       #.....       99%         2    ###....
 Conjure Flame            Conj/Fire      #.......     100%        3    ####...
 Mephitic Cloud           Conj/Pois/Air  #.......     100%        3    ####...
 Ozocubu's Armour         Chrm/Ice       #.......     100%        3    ####...
 Static Discharge         Conj/Air       #.......     100%        3    ####...
 Summon Ice Beast         Ice/Summ       #.......     100%        4    #####..
 Throw Icicle             Conj/Ice       #.......     100%        4    #####..
 Lightning Bolt           Conj/Air       #.........   100%        5    ######.
 Ignition                 Fire           #.........   100%        8    #######
 Shatter                  Erth           #.........   100%        9    #######
 Tornado                  Air            #.........   100%        9    #######


Dungeon Overview and Level Annotations

Branches:
Dungeon (13/15)            Temple (0/1) D:5            Lair (4/6) D:10
 Shoals (0/4) Lair:3        Snake (0/4) Lair:2          Orc (2/2) D:11
    Elf (0/3) Orc:2        Vaults (0/5) D:13

Altars:
Cheibriados
Elyvilon
Okawaru
Qazlal
Trog
Uskayaw
Yredelemnul
The Shining One
Beogh

Shops:
D:4 *   D:5 [   Orc:2 ?([*:

Annotations:
D:10 3 runed translucent doors, deathrave's ghost, novice CeHu IceCv 1 transporter, exclusion: 2 ice statues


Message History

Unknown command.
Okay, than.
Ye feel much better.
Tha ice beast hits ye but does nay damage.
Tha ice beast barely misses ye.
Tha ice statue glitters chillin'ly in tha dim dungeon light.
Tha ice statue gestures.
Tha ice beast barely misses ye.
Tha ice beast hits ye but does nay damage. x2
Tha ice statue gestures at ye.
Tha freezin' blast 'ngulfs tha ice beast.
Tha ice beast completely resists.
Tha ice beast hits ye.
* * * LOW HITPOINT WARNIN'
* * * Tha ice beast freezes ye!
* * * LOW HITPOINT WARNIN'
* * * Okay, than.
Tha ice beast hits ye.
* * * LOW HITPOINT WARNIN'
* * * Tha ice beast freezes ye!
Ye die...

####
###...####
#........##
..........##
...Y...@...##
.8..8☼YY○...#
?.(..☼Y°Y...#
©=.(.○○☼©.∩.#
(.?.§.○○○...#
.8..8.......#
...........##
..........##
#........##


You could see 2 ice statues and 5 ice beasts.

Vanquished Creatures
  Snorg (Orc:1)
  Erolcha (D:9)
  4 vault guards (D:13)
  5 hydras
  An ogre mage (D:13)
  5 orc high priests (Orc:2)
  Nergalle (Lair:3)
  4 skeletal warriors (D:12)
  An unseen horror (D:13)
  Pikel (D:8)
  5 orc knights
  2 orc sorcerers
  A manticore (D:12)
  3 ugly things
  A cyclops (Orc:2)
  A black mamba (Lair:2)
  2 centaur zombies
  6 spiny frogs
  A torpor snail (Lair:2)
  An efreet (D:13)
  2 ice devils (Lair:4)
  3 komodo dragons
  A tengu conjurer (D:13)
  4 polar bears (D:12)
  5 trolls
  A hornet (D:9)
  8 blink frogs
  7 dream sheep
  A meliai zombie (D:12)
  8 hippogriffs
  A water elemental (D:12)
  A spriggan (D:7)
  A centaur simulacrum (D:12)
  2 vampires
  33 yaks
  A human (D:13)
  2 basilisks (D:10)
  Menkaure (D:6)
  3 nagas (Lair:2)
  A soldier ant (D:12)
  3 wargs
  3 water moccasins
  6 porcupines
  9 sky beasts
  A slave (D:8)
  39 orc warriors
  5 black bears
  13 ice beasts
  9 ogres
  3 phantoms
  2 centaurs
  11 wolves
  6 crocodiles
  2 big kobolds
  17 bullfrogs
  A wyvern skeleton (D:11)
  2 scorpions
  A water moccasin skeleton (D:9)
  11 killer bees
  14 wights
  2 electric eels
  2 howler monkeys (D:11)
  8 crimson imps
  A bullfrog zombie (D:7)
  8 jellies
  5 centaur skeletons
  34 orc priests
  3 bullfrog skeletons
  2 hounds
  27 orc wizards
  5 iguanas
  11 worker ants
  2 bullfrog simulacra (D:12)
  2 hound skeletons
  5 gnolls
  15 adders
  4 shadow imps
  5 white imps
  5 ufetubi (D:12)
  An adder skeleton (D:6)
  An adder zombie (D:5)
  4 worms
  2 dart slugs
  2 leopard geckos
  111 orcs
  2 ball pythons
  6 giant cockroaches
  8 goblins
  7 hobgoblins
  6 jackals (D:6)
  2 quokkas
  6 bats
  5 frilled lizards
  A jackal skeleton (D:4)
  A jackal zombie (D:6)
  11 kobolds
  9 rats
  A plant (Lair:1)
623 creatures vanquished.

Vanquished Creatures (collateral kills)
  2 hydras
2 creatures vanquished.

Vanquished Creatures (others)
  3 slaves (D:8)
  A bullfrog zombie (D:8)
  2 jackals (D:8)
  A kobold (D:8)
  4 fungi
  8 plants
19 creatures vanquished.

Grand Total: 644 creatures vanquished

Notes
Turn   | Place    | Note
-------+----------+-------------------------------------------
     0 | D:1      | Inchmeat the Hill Orc Monk began the quest for the Orb.
     0 | D:1      | Reached XP level 1. HP: 19/19 MP: 1/1
   168 | D:1      | Reached XP level 2. HP: 18/26 MP: 2/2
   471 | D:1      | Reached skill level 5 in Axes
  1086 | D:1      | Reached XP level 3. HP: 31/31 MP: 3/3
  1596 | D:2      | You fall through a shaft!
  2000 | D:3      | Reached XP level 4. HP: 33/39 MP: 4/4
  2610 | D:3      | Found a white marble altar of Elyvilon.
  2610 | D:3      | Found a hide-covered altar of Uskayaw.
  3510 | D:4      | Found Xoutuppo's Assorted Antiques.
  3515 | D:4      | Bought a scroll labeled GAQ JUIFEMOIR for 24 gold pieces
  3515 | D:4      | Bought a scroll labeled AVIUKU QERARPH for 24 gold pieces
  3515 | D:4      | Bought an inky potion for 21 gold pieces
  3569 | D:4      | Found a stormy altar of Qazlal.
  3613 | D:4      | Reached XP level 5. HP: 45/45 MP: 5/5
  3721 | D:4      | Found a glowing golden altar of the Shining One.
  4055 | D:4      | Became a worshipper of the Shining One
  4055 | D:4      | Reached * piety under the Shining One
  4055 | D:4      | Reached ** piety under the Shining One
  4494 | D:4      | Reached XP level 6. HP: 34/51 MP: 6/6
  4912 | D:5      | Entered Level 5 of the Dungeon
  5304 | D:4      | HP: 2/51 [orc priest/divine providence (16)]
  5758 | D:5      | Found a staircase to the Ecumenical Temple.
  6034 | D:5      | Reached skill level 10 in Axes
  6034 | D:5      | Reached XP level 7. HP: 54/57 MP: 7/7
  6102 | D:5      | Found Tuaruax's Antique Armour Emporium.
  7444 | D:5      | Found an iron altar of Okawaru.
  7459 | D:5      | Reached XP level 8. HP: 60/64 MP: 8/8
  7677 | D:6      | Noticed Menkaure
  7687 | D:6      | Killed Menkaure
  7980 | D:6      | Reached *** piety under the Shining One
  8853 | D:6      | Got an iridescent hunting sling
  9118 | D:5      | Identified the +9 hunting sling "Ota Ygel" {flame, rElec
                  | rC+ Str+2 Dex+2} (You found it on level 6 of the Dungeon)
  9440 | D:7      | Reached XP level 9. HP: 72/72 MP: 9/9
  9497 | D:7      | Reached skill level 5 in Fighting
 10398 | D:7      | Found a snail-covered altar of Cheibriados.
 10898 | D:8      | Noticed Pikel
 10916 | D:8      | Killed Pikel
 10916 | D:8      | Reached skill level 10 in Fighting
 11075 | D:8      | Found a bloodstained altar of Trog.
 11101 | D:8      | Reached XP level 10. HP: 93/94 MP: 10/10
 11145 | D:8      | Reached **** piety under the Shining One
 11166 | D:8      | Got a faintly glowing broad axe
 11167 | D:8      | Identified the +6 broad axe "Imual" {freeze, Stlth+} (You
                  | found it on level 8 of the Dungeon)
 11199 | D:8      | Identified the ring of the Cicada {Int+3 Stlth+}
 12162 | D:9      | Noticed Erolcha
 12170 | D:9      | HP: 2/97 [Erolcha/+0 giant club (27)]
 12171 | D:9      | Killed Erolcha
 13465 | D:10     | Entered Level 10 of the Dungeon
 13571 | D:10     | Reached ***** piety under the Shining One
 13581 | D:10     | Reached skill level 15 in Axes
 13589 | D:10     | Reached XP level 11. HP: 79/107 MP: 11/11
 13939 | D:10     | Found a staircase to the Lair.
 14255 | D:10     | Found a runed translucent gate.
 14256 | D:10     | Found a runed translucent gate.
 14256 | D:10     | Noticed deathrave's ghost (novice CeHu)
 14257 | D:10     | Found a runed translucent gate.
 14420 | D:11     | Found a staircase to the Orcish Mines.
 14428 | D:11     | Found a roughly hewn altar of Beogh.
 14536 | D:11     | Found a basalt altar of Yredelemnul.
 14961 | D:11     | Reached skill level 15 in Fighting
 15693 | D:12     | Noticed a manticore
 15704 | D:12     | Killed a manticore
 15704 | D:12     | Reached XP level 12. HP: 65/122 MP: 12/12
 16129 | D:12     | Reached skill level 1 in Invocations
 16496 | D:12     | Reached ****** piety under the Shining One
 16536 | D:12     | You fall through a shaft!
 16536 | D:13     | Noticed an ogre mage
 16537 | D:13     | Noticed a vault guard
 16542 | D:13     | Killed an ogre mage
 16548 | D:13     | Killed a vault guard
 16678 | D:13     | Noticed a vault guard
 16678 | D:13     | Noticed a vault guard
 16800 | D:13     | Killed a vault guard
 17872 | D:13     | Reached skill level 5 in Invocations
 18063 | D:13     | Killed a vault guard
 18135 | D:13     | Found a gate to the Vaults.
 18135 | D:13     | Noticed a vault guard
 18141 | D:13     | Killed a vault guard
 18393 | D:12     | Reached XP level 13. HP: 108/133 MP: 17/17
 19387 | Orc:1    | Entered Level 1 of the Orcish Mines
 19402 | Orc:1    | Found a roughly hewn altar of Beogh.
 19820 | Orc:1    | Found a roughly hewn altar of Beogh.
 20079 | Orc:1    | Noticed Snorg
 20090 | Orc:1    | Killed Snorg
 20375 | Orc:2    | Entered Level 2 of the Orcish Mines
 20375 | Orc:2    | Found Yczuewketisk's Magic Scroll Shoppe.
 20387 | Orc:2    | Bought a scroll of teleportation for 36 gold pieces
 20387 | Orc:2    | Bought a scroll of magic mapping for 42 gold pieces
 20387 | Orc:2    | Bought a scroll of blinking for 90 gold pieces
 20387 | Orc:2    | Bought a scroll of enchant weapon for 90 gold pieces
 20387 | Orc:2    | Bought a scroll of teleportation for 36 gold pieces
 20483 | Orc:2    | Paralysed by an orc sorcerer for 5 turns
 21004 | Orc:2    | Paralysed by an orc sorcerer for 7 turns
 21324 | Orc:2    | Found a staircase to the Elven Halls.
 21350 | Orc:2    | Reached skill level 1 in Armour
 22322 | Orc:2    | Reached skill level 5 in Armour
 22669 | Orc:2    | Found Buoren's Antique Armour Shop.
 22672 | Orc:2    | Found Hinugezuet's General Store.
 22673 | Orc:2    | Found Onieluk's Weapon Shop.
 22674 | Orc:2    | Found Cobuj's Book Shop.
 22678 | Orc:2    | Bought a scroll of enchant weapon for 105 gold pieces
 23048 | Orc:2    | Bought a runed chain mail for 195 gold pieces
 23060 | Orc:2    | Bought a book of Minor Magic for 280 gold pieces
 23063 | Orc:2    | Learned a level 2 spell: Blink
 23276 | Lair:1   | Entered Level 1 of the Lair of Beasts
 23300 | Lair:1   | Reached skill level 1 in Translocations
 23606 | Lair:1   | Reached XP level 14. HP: 114/144 MP: 20/20
 23988 | Lair:1   | Got an ivory great sword
 23989 | Lair:1   | Identified the +4 great sword of the Kidney {elec, Dex+3}
                  | (You found it on level 1 of the Lair of Beasts)
 25264 | Lair:2   | Reached skill level 5 in Translocations
 25274 | Lair:2   | Found a staircase to the Snake Pit.
 26054 | Lair:3   | Noticed Nergalle
 26061 | Lair:3   | Killed Nergalle
 27334 | Lair:3   | Found a staircase to the Shoals.
 28014 | Lair:4   | Found a frozen archway.
 28169 | IceCv    | Entered an ice cave
 28179 | IceCv    | Found a transporter.
 28317 | IceCv    | Found a transporter.
 28320 | IceCv    | HP: 1/216 [ice statue/bolt of cold (32)]
 28321 | IceCv    | The Shining One protects you from harm!
 28324 | IceCv    | Slain by an ice beast

Skill      XL: |  1  2  3  4  5  6  7  8  9 10 11 12 13 14 |
---------------+-------------------------------------------+-----
Axes           | 5 6 7 8 10 11 14 15 16 17 18 | 18.0
Fighting       | 4 10 13 15 17 18 | 18.3
Invocations    | 6 8 |  8.3
Armour         | 6 |  6.8
Translocations | 1 8 |  8.2
Dodging        | |  2.4
Stealth        | |  1.5

Action                   |  1- 3 |  4- 6 |  7- 9 | 10-12 | 13-15 || total
-------------------------+-------+-------+-------+-------+-------++-------
Melee: Hand axe          |   137 |   206 |   427 |       |       ||   770
       Battleaxe         |       |       |    40 |     9 |    16 ||    65
       Broad axe         |       |       |       |   466 |   480 ||   946
       Scimitar          |       |       |       |       |    46 ||    46
 Fire: Hunting sling     |       |       |    15 |    11 |    27 ||    53
Invok: Divine Shield     |       |       |     2 |       |     1 ||     3
       Summon Divine War |       |       |       |       |     2 ||     2
Evoke: Wand              |       |       |     2 |     8 |     1 ||    11
  Use: Scroll            |       |     3 |     4 |    26 |     8 ||    41
       Potion            |       |       |     3 |     1 |     9 ||    13
 Stab: Sleeping          |     4 |       |       |       |       ||     4
  Eat: Chunk             |     3 |     9 |     7 |    12 |    13 ||    44
       Ration            |       |     1 |     3 |     3 |     6 ||    13
Armor: Robe              |    36 |       |       |       |       ||    36
       Scale mail        |     6 |    73 |   115 |       |       ||   194
       Chain mail        |       |       |    70 |   228 |   375 ||   673
Dodge: Dodged            |   105 |    95 |   151 |   167 |   221 ||   739
Block: Other             |       |       |     3 |       |    11 ||    14
       Rpst.: Scimitar   |       |       |       |       |     2 ||     2
